1918 views
Uploaded 2023-06-25 09:16:15
Game version 1.36 (6115)
3:00 long 2on2 ladder game on (4)LostTemple_S2
Saved by Adventurer
1918 views
Uploaded 2023-06-25 09:16:15
Game version 1.36 (6115)
3:00 long 2on2 ladder game on (4)LostTemple_S2


/ 0k
9 buildings @ 1.5k
/ 0.4k

| Peon | 8 | 600 | / | 0 |
| Grunt | 1 | 200 | / | 0 |
| total: | 9 | 800g | / | 0w |
| Altar of Storms | 1 | 180 | / | 50 |
| Orc Burrow | 2 | 320 | / | 80 |
| Barracks | 1 | 180 | / | 50 |
| Voodoo Lounge | 1 | 130 | / | 30 |
| total: | 5 | 810g | / | 210w |
| 0:04 | Altar of Storms |
| 0:04 | Peon |
| 0:21 | Orc Burrow |
| 0:21 | Peon |
| 0:37 | Barracks |
| 0:40 | Peon |
| 0:57 | Peon |
| 1:13 | Peon |
| 1:28 | Peon |
| 1:38 | Voodoo Lounge |
| 1:40 | Grunt |
| 1:43 | Peon |
| 1:59 | Peon |
| 2:09 | Wind Walk |
| 2:33 | Orc Burrow |
| Right click | 116 |
| Select | 67 |
| Select group | 22 |
| Build/train/purchase | 12 |
| Assign group | 4 |
| Remove unit | 1 |

| Peon | 10 | 750 | / | 0 |
| Grunt | 1 | 200 | / | 0 |
| total: | 11 | 950g | / | 0w |
| Orc Burrow | 2 | 320 | / | 80 |
| Altar of Storms | 1 | 180 | / | 50 |
| Barracks | 1 | 180 | / | 50 |
| total: | 4 | 680g | / | 180w |
| 0:04 | Peon |
| 0:04 | Peon |
| 0:18 | Orc Burrow |
| 0:21 | Altar of Storms |
| 0:28 | Peon |
| 0:39 | Peon |
| 0:43 | Barracks |
| 0:48 | Peon |
| 1:06 | Peon |
| 1:32 | Peon |
| 1:33 | Peon |
| 1:45 | Grunt |
| 2:07 | Peon |
| 2:19 | Orc Burrow |
| 2:22 | Peon |
| 2:29 | Wind Walk |
| Right click | 154 |
| Select group | 68 |
| Select | 55 |
| Assign group | 19 |
| Build/train/purchase | 16 |
| Minimap ping | 2 |
| Esc | 1 |
19 units @ 1.6k
/ 0k
12 buildings @ 1.6k
/ 0.5k

| Peasant | 8 | 600 | / | 0 |
| Footman | 3 | 405 | / | 0 |
| total: | 11 | 1005g | / | 0w |
| Scout Tower | 1 | 30 | / | 20 |
| Arcane Tower | 1 | 70 | / | 50 |
| Altar of Kings | 2 | 360 | / | 100 |
| Farm | 3 | 240 | / | 60 |
| Barracks | 1 | 160 | / | 60 |
| Blacksmith | 1 | 140 | / | 60 |
| total: | 8 | 930g | / | 300w |
| 0:01 | Peasant |
| 0:09 | Altar of Kings |
| 0:12 | Altar of Kings |
| 0:14 | Peasant |
| 0:17 | Farm |
| 0:23 | Barracks |
| 0:25 | Peasant |
| 0:34 | Peasant |
| 0:48 | Farm |
| 0:57 | Peasant |
| 1:19 | Peasant |
| 1:25 | Footman |
| 1:30 | Scout Tower |
| 1:39 | Peasant |
| 1:41 | Footman |
| 2:01 | Arcane Tower |
| 2:10 | Footman |
| 2:12 | Summon Water Elemental |
| 2:20 | Blacksmith |
| 2:25 | Farm |
| 2:33 | Peasant |
| Select group | 459 |
| Right click | 329 |
| Chat | 66 |
| Select | 48 |
| Assign group | 19 |
| Build/train/purchase | 16 |
| Misc. action | 2 |

| Healing Salve | 1 | 100 |
| Lesser Clarity Potion | 1 | 70 |
| Scroll of Speed | 1 | 50 |
| total: | 3 | 220g |
| Peon | 8 | 600 | / | 0 |
| total: | 8 | 600g | / | 0w |
| Altar of Storms | 1 | 180 | / | 50 |
| Orc Burrow | 2 | 320 | / | 80 |
| Voodoo Lounge | 1 | 130 | / | 30 |
| Stronghold | 2 | 630 | / | 380 |
| total: | 4 | 630g | / | 160w |
| 0:01 | Peon |
| 0:01 | Peon |
| 0:06 | Altar of Storms |
| 0:16 | Orc Burrow |
| 0:24 | Peon |
| 0:33 | Voodoo Lounge |
| 0:38 | Peon |
| 0:59 | Peon |
| 1:11 | Peon |
| 1:19 | Peon |
| 1:19 | Peon |
| 2:04 | Healing Salve |
| 2:04 | Lesser Clarity Potion |
| 2:04 | Scroll of Speed |
| 2:07 | Feral Spirit |
| 2:13 | Orc Burrow |
| 2:27 | Stronghold |
| Select group | 158 |
| Right click | 130 |
| Chat | 98 |
| Select | 79 |
| Build/train/purchase | 17 |
| Assign group | 8 |
| Misc. action | 7 |
| Use ability | 1 |
โ